 Dungeon Crawl Stone Soup version 0.29-a0-103-g37f86683bf (webtiles) character file.

Game seed: 3722953487219035808

13205 frimble the Frost Mage (level 12, -23/89 HPs)
             Began as a Gnoll Ice Elementalist on Feb 15, 2022.
             Was a Priest of Cheibriados.
             Annihilated by a frost giant (33 damage)
             ... on level 10 of the Dungeon.
             The game lasted 00:20:31 (12954 turns).

frimble the Frost Mage (Gnoll Ice Elementalist)    Turns: 12954, Time: 00:20:31

Health: -23/89     AC: 23    Str: 17    XL:     12   Next: 3%
Magic:  19/24      EV: 24    Int: 23    God:    Cheibriados [***...]
Gold:   546        SH:  0    Dex: 21    Spells: 22/28 levels left

rFire   . . .      SeeInvis .   O - +4 scimitar (flame)
rCold   + . .      Faith    .   (no shield)
rNeg    . . .      Spirit   .   g - +3 ring mail {rC+}
rPois   .          Reflect  .   v - +0 helmet
rElec   .          Harm     .   l - +1 cloak
rCorr   .          Rampage  .   d - +1 pair of gloves
Will    .....                   (no boots)
Stlth   ++++......              (no amulet)
HPRegen 0.24/turn               m - +4 ring of evasion
MPRegen 0.19/turn               H - +4 ring of evasion

@: ice-armoured, freezing walls, very slow
A: fangs 1, strong nose, distributed training, iridescent scales 1
a: Renounce Religion, Bend Time, Temporal Distortion


You were on level 10 of the Dungeon.
You worshipped Cheibriados.
Cheibriados was most pleased with you.
You visited 1 branch of the dungeon, and saw 10 of its levels.
You also visited: Sewer and Ossuary.

You collected 546 gold pieces.

Inventory:

Hand Weapons
 J - a +0 antimagic broad axe
 O - a +4 scimitar of flaming (weapon)
Missiles
 e - 3 silver javelins (quivered)
 I - a throwing net
Armour
 d - a +1 pair of gloves (worn)
 g - a +3 ring mail of cold resistance (worn)
 l - a +1 cloak (worn)
 u - a +0 leather armour of fire resistance
 v - a +0 helmet (worn)
Magical Staves
 n - a staff of air
Jewellery
 m - a +4 ring of evasion (left hand)
 H - a +4 ring of evasion (right hand)
 K - a +4 ring of evasion
 M - a ring of positive energy
 N - an amulet of guardian spirit
Wands
 s - a wand of digging (3)
 z - a wand of paralysis (12)
 B - a wand of acid (3)
 L - a wand of charming (10)
Scrolls
 f - 2 scrolls of fog
 h - 5 scrolls of teleportation
 i - 3 scrolls of magic mapping
 k - a scroll of enchant armour
 r - a scroll of immolation
 t - 2 scrolls of blinking
 y - 4 scrolls of fear
 C - 2 scrolls of identify
 F - 3 scrolls of enchant weapon
 G - a scroll of silence
Potions
 a - a potion of flight
 b - a potion of attraction
 c - a potion of curing
 j - 4 potions of mutation
 o - 2 potions of haste
 p - a potion of resistance
 q - 2 potions of might
 w - 3 potions of lignification
 x - a potion of magic
 A - a potion of ambrosia
 D - 2 potions of heal wounds
 E - a potion of invisibility
 P - a potion of berserk rage


   Skills:
 + Level 6.8 Fighting
 + Level 6.8 Short Blades
 + Level 6.8 Long Blades
 + Level 6.8 Axes
 + Level 6.8 Maces & Flails
 + Level 6.8 Polearms
 + Level 6.8 Staves
 + Level 6.8 Slings
 + Level 6.8 Bows
 + Level 6.8 Crossbows
 + Level 6.8 Throwing
 + Level 6.8 Armour
 + Level 8.3 Dodging
 + Level 8.1 Stealth
 + Level 6.8 Shields
 + Level 6.8 Unarmed Combat
 + Level 8.6 Spellcasting
 + Level 5.7 Conjurations
 + Level 5.7 Hexes
 + Level 5.7 Summonings
 + Level 5.7 Necromancy
 + Level 5.7 Translocations
 + Level 5.7 Transmutations
 + Level 5.7 Fire Magic
 + Level 9.2 Ice Magic
 + Level 5.7 Air Magic
 + Level 5.7 Earth Magic
 + Level 5.7 Poison Magic
 + Level 7.5 Invocations
 + Level 6.8 Evocations


You had 22 spell levels left.
You knew the following spells:

 Your Spells              Type           Power      Damage    Failure   Level
b - Frozen Ramparts       Ice            100%       1d12      1%          3
c - Ozocubu's Armour      Ice            51%        N/A       1%          3

Your spell library contained the following spells:

 Spells                   Type           Power      Damage    Failure   Level
 Foxfire                  Conj/Fire      100%       2x1d9     1%          1
 Freeze                   Ice            100%       1d11      1%          1
 Sandblast                Erth           72%        2d16      1%          1
 Passwall                 Tmut/Erth      30%        N/A       1%          2
 Sublimation of Blood     Necr           36%        N/A       1%          2
 Wereblood                Tmut           36%        N/A       1%          2
 Conjure Flame            Conj/Fire      36%        6-21      3%          3
 Inner Flame              Hex/Fire       36%        N/A       3%          3
 Stone Arrow              Conj/Erth      72%        3d11      3%          3
 Hailstorm                Conj/Ice       44%        3d10      4%          4
 Flame Wave               Conj/Fire      36%        2d9       11%         4
 Leda's Liquefaction      Hex/Erth       18%        N/A       11%         4
 Metabolic Englaciation   Hex/Ice        22%        N/A       14%         5
 Lee's Rapid Deconstruct  Erth           18%        3d12*     28%         5
 Simulacrum               Ice/Necr       22%        N/A       61%         6
 Statue Form              Tmut/Erth      24%        N/A       85%         6
 Summon Hydra             Summ           18%        N/A       100%        7


Dungeon Overview and Level Annotations

Branches:
Dungeon (10/15)            Temple (0/1) D:7            Lair (0/6) D:8
  Sewer (visited)         Ossuary (visited)
    Orc: D:9-12

Altars:
Cheibriados
Gozag
Hepliaklqana
Makhleb
Okawaru
Qazlal
Ru
Sif Muna
Wu Jian
Zin
The Shining One
Beogh


Innate Abilities, Weirdness & Mutations

You have very sharp teeth.
Your uncanny sense of smell can sniff out nearby items.
Your experience applies equally to all skills.
You are partially covered in iridescent scales. (AC +2)


Message History

You hit the frost giant but do no damage.
The frost giant is heavily wounded.
The frost giant completely resists.
The wall freezes the frost giant but does no damage.
The frost giant hits you with a +1 battleaxe of freezing!
The frost giant freezes you.
The wall freezes the yak!
You kill the yak!
Cheibriados thoroughly appreciates the change of pace.
The centaur warrior zombie completely resists.
The wall freezes the centaur warrior zombie but does no damage.
You hit the frost giant but do no damage.
The frost giant is heavily wounded.
The frost giant resists.
The wall freezes the frost giant.
The frost giant gestures at you while chanting.
The bolt of cold misses you.
The centaur warrior zombie completely resists.
The wall freezes the centaur warrior zombie but does no damage.
You barely miss the frost giant.
You punch the frost giant, but do no damage.
The frost giant is heavily wounded.
The centaur warrior zombie completely resists.
The wall freezes the centaur warrior zombie but does no damage.
The frost giant resists.
The wall freezes the frost giant.
The frost giant points at you and mumbles some strange words.
The bolt of cold hits you! You resist.
The centaur warrior zombie resists.
The wall freezes the centaur warrior zombie.
The frost giant completely resists.
The wall freezes the frost giant but does no damage.
The frost giant hits you with a +1 battleaxe of freezing!
* * * LOW HITPOINT WARNING * * *
The frost giant freezes you.
* * * LOW HITPOINT WARNING * * *
You hit the frost giant. You burn the frost giant.
The frost giant is heavily wounded.
The centaur warrior zombie resists.
The wall freezes the centaur warrior zombie.
The frost giant completely resists.
The wall freezes the frost giant but does no damage.
The frost giant hits you with a +1 battleaxe of freezing!!
You die...

#.≈≈≈.#♣♣.♣♣#......
#.≈≈≈.#♣...♣#......
∆
#.≈≈≈.#♣♣.♣♣#......
#♣.≈.♣# ... #......
♣♣.♣♣ #......
########.# #..####
#........# #
######## ∆
#.♣.######..+
#.......
#.♣.#..@CZ†.#
#.......
#.♣.).)######
#....... #...####
#....... #####
###########.......
..................
..........########
..........#
..........#
..........#


You could see a frost giant and a centaur warrior zombie (corroded).

Vanquished Creatures
  Erica (D:8)
  A death knight (D:10)
  2 two-headed ogres
  Joseph (D:9)
  A gargoyle (D:10)
  A komodo dragon (D:8)
  A shadow (D:10)
  A vampire (D:10)
  A wyvern (D:10)
  Sigmund (D:5)
  24 yaks
  3 steam dragons
  3 vampire mosquitoes (D:9)
  4 water moccasins (D:8)
  Duvessa (D:5)
  4 orc warriors
  2 black bears (D:8)
  3 hornet zombies (Ossuary)
  An ice beast (D:6)
  2 sky beasts
  A necrophage (D:6)
  4 centaurs
  2 kobold brigands
  2 phantoms
  5 bullfrogs
  A wyvern zombie (Ossuary)
  A gnoll sergeant (D:7)
  2 scorpions
  2 water moccasin zombies (Ossuary)
  Dowan (D:5)
  2 water moccasin skeletons
  7 killer bees
  An electric eel (D:10)
  A howler monkey (D:8)
  6 bullfrog zombies
  7 centaur zombies
  2 hounds (D:7)
  2 jellies
  3 orc priests
  2 bullfrog skeletons
  2 centaur skeletons (D:7)
  Terence (D:3)
  Jessica (D:3)
  13 mummies (Ossuary)
  7 orc wizards
  A hell rat (Sewer)
  A killer bee zombie (D:8)
  A hound skeleton (D:4)
  A howler monkey zombie (Ossuary)
  A howler monkey skeleton (D:7)
  4 adders
  13 gnolls
  2 river rats (Sewer)
  A shadow imp (D:6)
  4 white imps
  A worm (D:2)
  8 dart slugs
  13 orcs
  3 ball pythons
  4 endoplasms
  6 giant cockroaches
  6 goblins
  9 hobgoblins
  8 jackals
  7 quokkas
  5 bats
  2 frilled lizards (D:2)
  11 kobolds
  8 rats
256 creatures vanquished.

Vanquished Creatures (others)
  A killer bee (D:9)
  25 fungi (D:8)
  24 plants (D:8)
  9 withered plants (Ossuary)
59 creatures vanquished.

Grand Total: 315 creatures vanquished

Notes
Turn   | Place    | Note
-------+----------+-------------------------------------------
     0 | D:1      | frimble the Gnoll Ice Elementalist began the quest for the
                  | Orb.
     0 | D:1      | Reached XP level 1. HP: 13/13 MP: 6/6
   365 | D:1      | Reached XP level 2. HP: 8/20 MP: 3/7
   867 | D:1      | Reached XP level 3. HP: 23/25 MP: 9/9
   875 | D:1      | Reached skill level 5 in Spellcasting
  1437 | D:1      | Reached skill level 1 in Invocations
  1452 | D:1      | Found a faded altar of an unknown god.
  1781 | D:2      | Reached skill level 1 in Fighting
  1781 | D:2      | Reached skill level 1 in Short Blades
  1781 | D:2      | Reached skill level 1 in Long Blades
  1781 | D:2      | Reached skill level 1 in Axes
  1781 | D:2      | Reached skill level 1 in Maces & Flails
  1781 | D:2      | Reached skill level 1 in Polearms
  1781 | D:2      | Reached skill level 1 in Staves
  1781 | D:2      | Reached skill level 1 in Slings
  1781 | D:2      | Reached skill level 1 in Bows
  1781 | D:2      | Reached skill level 1 in Crossbows
  1781 | D:2      | Reached skill level 1 in Throwing
  1781 | D:2      | Reached skill level 1 in Armour
  1781 | D:2      | Reached skill level 1 in Shields
  1781 | D:2      | Reached skill level 1 in Unarmed Combat
  1781 | D:2      | Reached skill level 1 in Evocations
  1812 | D:2      | Learned a level 3 spell: Frozen Ramparts
  1816 | D:2      | Learned a level 3 spell: Ozocubu's Armour
  2223 | D:2      | Reached XP level 4. HP: 22/32 MP: 9/11
  2791 | D:3      | Noticed Terence
  2806 | D:3      | Killed Terence
  2807 | D:3      | Reached skill level 1 in Conjurations
  2807 | D:3      | Reached skill level 1 in Hexes
  2807 | D:3      | Reached skill level 1 in Summonings
  2807 | D:3      | Reached skill level 1 in Necromancy
  2807 | D:3      | Reached skill level 1 in Translocations
  2807 | D:3      | Reached skill level 1 in Transmutations
  2807 | D:3      | Reached skill level 1 in Fire Magic
  2807 | D:3      | Reached skill level 1 in Air Magic
  2807 | D:3      | Reached skill level 1 in Earth Magic
  2807 | D:3      | Reached skill level 1 in Poison Magic
  2850 | D:3      | Reached XP level 5. HP: 22/37 MP: 1/12
  2978 | D:3      | Noticed Jessica
  2990 | D:3      | Killed Jessica
  3310 | D:3      | Reached XP level 6. HP: 42/44 MP: 13/13
  4215 | D:4      | Reached skill level 5 in Dodging
  4255 | D:4      | Found a sand-covered staircase.
  4290 | Ossuary  | Entered an ossuary
  4346 | Ossuary  | Gained mutation: You are partially covered in iridescent
                  | scales. (AC +2) [potion of mutation]
  4359 | Ossuary  | Reached XP level 7. HP: 34/50 MP: 15/15
  4458 | Ossuary  | Reached skill level 5 in Stealth
  4626 | Ossuary  | Reached XP level 8. HP: 39/57 MP: 16/16
  6077 | D:4      | Found a burning altar of Makhleb.
  6077 | D:4      | Found a glowing silver altar of Zin.
  6078 | D:4      | Noticed an angel
  6078 | D:4      | Noticed a blizzard demon
  6353 | D:5      | Entered Level 5 of the Dungeon
  6353 | D:5      | Noticed Duvessa
  6353 | D:5      | Noticed Dowan
  6366 | D:5      | Killed Dowan
  6379 | D:5      | Killed Duvessa
  6616 | D:5      | Reached XP level 9. HP: 64/65 MP: 18/18
  6844 | D:5      | Noticed Sigmund
  6851 | D:5      | Killed Sigmund
  7394 | D:6      | Found a glowing drain.
  7413 | Sewer    | Entered a sewer
  7842 | D:6      | Reached skill level 8 in Ice Magic
  8004 | D:6      | Reached skill level 5 in Invocations
  8403 | D:7      | You fall into a shaft and drop 2 floors!
  8441 | D:9      | Noticed Joseph
  8466 | D:9      | Reached XP level 10. HP: 66/73 MP: 20/20
  8583 | D:9      | Found a shimmering blue altar of Sif Muna.
  8584 | D:9      | Found a snail-covered altar of Cheibriados.
  8590 | D:9      | Found an ornate altar of the Wu Jian Council.
  8617 | D:9      | Reached skill level 5 in Fighting
  8617 | D:9      | Reached skill level 5 in Short Blades
  8617 | D:9      | Reached skill level 5 in Long Blades
  8617 | D:9      | Reached skill level 5 in Axes
  8617 | D:9      | Reached skill level 5 in Maces & Flails
  8617 | D:9      | Reached skill level 5 in Polearms
  8617 | D:9      | Reached skill level 5 in Staves
  8617 | D:9      | Reached skill level 5 in Slings
  8617 | D:9      | Reached skill level 5 in Bows
  8617 | D:9      | Reached skill level 5 in Crossbows
  8617 | D:9      | Reached skill level 5 in Throwing
  8617 | D:9      | Reached skill level 5 in Armour
  8617 | D:9      | Reached skill level 5 in Shields
  8617 | D:9      | Reached skill level 5 in Unarmed Combat
  8617 | D:9      | Reached skill level 5 in Evocations
  8618 | D:9      | Found an iron altar of Okawaru.
  8620 | D:9      | Became a worshipper of Cheibriados the Contemplative
  8809 | D:9      | Found a hazy altar of Hepliaklqana.
  8811 | D:9      | Found an opulent altar of Gozag.
  8815 | D:9      | Found a stormy altar of Qazlal.
  9816 | D:8      | Reached * piety under Cheibriados
 10042 | D:8      | Noticed a two-headed ogre
 10083 | D:7      | Found a staircase to the Ecumenical Temple.
 10490 | D:7      | Reached ** piety under Cheibriados
 10741 | D:8      | Reached XP level 11. HP: 66/81 MP: 22/22
 10869 | D:8      | Noticed Erica
 10885 | D:8      | Killed Erica
 11035 | D:8      | Found a sacrificial altar of Ru.
 11046 | D:8      | Reached skill level 5 in Conjurations
 11046 | D:8      | Reached skill level 5 in Hexes
 11046 | D:8      | Reached skill level 5 in Summonings
 11046 | D:8      | Reached skill level 5 in Necromancy
 11046 | D:8      | Reached skill level 5 in Translocations
 11046 | D:8      | Reached skill level 5 in Transmutations
 11046 | D:8      | Reached skill level 5 in Fire Magic
 11046 | D:8      | Reached skill level 5 in Air Magic
 11046 | D:8      | Reached skill level 5 in Earth Magic
 11046 | D:8      | Reached skill level 5 in Poison Magic
 11271 | D:8      | Found a staircase to the Lair.
 11530 | D:8      | Killed a two-headed ogre
 11676 | D:9      | Killed Joseph
 12043 | D:9      | Reached skill level 9 in Ice Magic
 12181 | D:10     | Entered Level 10 of the Dungeon
 12226 | D:10     | Found a glowing golden altar of the Shining One.
 12228 | D:10     | Noticed an angel
 12403 | D:10     | Noticed a two-headed ogre
 12411 | D:10     | Killed a two-headed ogre
 12540 | D:10     | Reached *** piety under Cheibriados
 12872 | D:10     | Noticed a death knight
 12881 | D:10     | Killed a death knight
 12898 | D:10     | Reached XP level 12. HP: 79/89 MP: 21/24
 12945 | D:10     | Noticed a frost giant
 12954 | D:10     | Annihilated by a frost giant

Illustrated notes

Levels and vault maps discovered:
D:1:      tarquinn_simple_flora_water_e, layout_basic,
          hellmonk_ecumenical_altar_defaced_shrine, serial_forest,
          infiniplex_forest_lined_2, infiniplex_forest_lined_1,
          infiniplex_forest_fountain, infiniplex_forest_split,
          infiniplex_forest_straight_4, infiniplex_forest_straight_4,
          infiniplex_forest_straight_4, infiniplex_forest_lined_room_3
D:2:      layout_loops_ring, st_stairs_7, minmay_misc_feat_cross,
          chequers_serial_rivers_large_a
D:3:      layout_basic, minivault_19, uniq_terence, uniq_jessica
D:4:      layout_rooms, grunt_temple_overflow_order_and_chaos_2, enter_ossuary_1
D:5:      layout_loops_ring, uniq_duvessa, uniq_sigmund
D:6:      layout_basic, gup_sewer_entry_pipe
D:7:      layout_rooms, minmay_temple_entry_fiery,
          hangedman_abyss_or_decor_lesser_grid
D:8:      layout_loops_cross, nicolae_ru_awakened_eye,
          due_lair_maze_entry_diamond, uniq_erica
D:9:      layout_cave_pods, nicolae_overflow_hallway_of_the_gods, uniq_joseph
D:10:     nzn_winding_woodlands_three_and_one
          [nzn_winding_woodlands_5x15_split_checker,
          nzn_winding_woodlands_5x15_river_crossing,
          nzn_winding_woodlands_5x15_pool, nzn_winding_woodlands_center_lodge],
          layout_long_grid, grunt_temple_overflow_holy_war, st_stairs_8,
          patterned_corridor

Skill      XL: |  1  2  3  4  5  6  7  8  9 10 11 |
---------------+----------------------------------+-----
Spellcasting   | 5 6 7 8 |  8.6
Invocations    | 1 2 3 4 5 6 7 |  7.5
Fighting       | 1 2 3 4 5 6 |  6.8
Short Blades   | 1 2 3 4 5 6 |  6.8
Long Blades    | 1 2 3 4 5 6 |  6.8
Axes           | 1 2 3 4 5 6 |  6.8
Maces & Flails | 1 2 3 4 5 6 |  6.8
Polearms       | 1 2 3 4 5 6 |  6.8
Staves         | 1 2 3 4 5 6 |  6.8
Slings         | 1 2 3 4 5 6 |  6.8
Bows           | 1 2 3 4 5 6 |  6.8
Crossbows      | 1 2 3 4 5 6 |  6.8
Throwing       | 1 2 3 4 5 6 |  6.8
Armour         | 1 2 3 4 5 6 |  6.8
Shields        | 1 2 3 4 5 6 |  6.8
Unarmed Combat | 1 2 3 4 5 6 |  6.8
Evocations     | 1 2 3 4 5 6 |  6.8
Conjurations   | 1 2 3 4 5 |  5.7
Hexes          | 1 2 3 4 5 |  5.7
Summonings     | 1 2 3 4 5 |  5.7
Necromancy     | 1 2 3 4 5 |  5.7
Translocations | 1 2 3 4 5 |  5.7
Transmutations | 1 2 3 4 5 |  5.7
Fire Magic     | 1 2 3 4 5 |  5.7
Air Magic      | 1 2 3 4 5 |  5.7
Earth Magic    | 1 2 3 4 5 |  5.7
Poison Magic   | 1 2 3 4 5 |  5.7
Dodging        | 5 6 7 8 |  8.3
Stealth        | 5 6 7 8 |  8.1
Ice Magic      | 8 9 |  9.2

Action                   |  1- 3 |  4- 6 |  7- 9 | 10-12 || total
-------------------------+-------+-------+-------+-------++-------
Melee: Dagger            |   116 |    43 |       |       ||   159
       Bite              |     8 |    22 |    76 |    56 ||   162
       Punch             |     1 |     4 |    23 |    14 ||    42
       Staff             |       |    92 |       |       ||    92
       Short sword       |       |    18 |   420 |   113 ||   551
       Flail             |       |       |   107 |    57 ||   164
       Scimitar          |       |       |       |   169 ||   169
Throw: Javelin           |       |     2 |     7 |       ||     9
 Cast: Freeze            |    25 |    14 |       |       ||    39
       Ozocubu's Armour  |       |     8 |     9 |    18 ||    35
       Frozen Ramparts   |       |    10 |    16 |    20 ||    46
Evoke: Wand              |       |     9 |    19 |     2 ||    30
  Use: Scroll            |     6 |     4 |    10 |     5 ||    25
       Potion            |       |     4 |     2 |     1 ||     7
 Stab: Sleeping          |     9 |     7 |     5 |     8 ||    29
       Distracted        |       |       |     1 |       ||     1
Armor: Robe              |    42 |    26 |       |       ||    68
       Leather armour    |       |    35 |   140 |       ||   175
       Ring mail         |       |       |    97 |   166 ||   263
Dodge: Dodged            |   122 |   208 |   516 |   402 ||  1248

Table legend: (Time is in decaauts)
 A = Elapsed time spent in this place.
 B = Non-inter-level travel time spent in this place.
 C = Inter-level travel time spent in this place.
 D = Time resting spent in this place.
 E = Time spent auto-exploring this place.
 F = Levels seen in this place.
 G = Mean time per level.
                   A        B        C        D        E       F      G
               +--------+--------+--------+--------+--------+-----+--------+
         Total |  13865 |  13326 |    539 |    291 |  10450 |  12 | 1155.4 |
       Dungeon |  12208 |  11669 |    539 |      0 |   9592 |  10 | 1220.8 |
         Sewer |    138 |    138 |      0 |      0 |     81 |   1 |  138.0 |
       Ossuary |   1518 |   1518 |      0 |    291 |    776 |   1 | 1518.0 |
               +--------+--------+--------+--------+--------+-----+--------+

Top non-repeatable levels by time:
     D:9: 2178 daAuts
     D:1: 1641 daAuts
 Ossuary: 1518 daAuts
     D:8: 1447 daAuts
     D:3: 1436 daAuts
     D:2: 1113 daAuts
     D:6: 1004 daAuts
    D:10: 934 daAuts
     D:7: 913 daAuts
     D:5: 866 daAuts
     D:4: 671 daAuts
   Sewer: 138 daAuts
